 Dungeon Crawl Stone Soup version 0.20-a0-1073-g49e0d3e (webtiles) character file.

229 Rrauwl the Grave Robber (level 6, -4/51 (52) HPs)
             Began as a Ghoul Necromancer on Apr 29, 2017.
             Slain by a wyvern (7 damage)
             ... on level 4 of the Dungeon.
             The game lasted 00:13:14 (2512 turns).

Rrauwl the Grave Robber (Ghoul Necromancer)         Turns: 2512, Time: 00:13:14

HP:   -4/51 (52)    AC:  4    Str: 11 (12) XL:     6   Next: 3%
MP:   1/8           EV: 12    Int:  7 (10) God:
Gold: 212           SH:  0    Dex:  7 (9)  Spells: 1/9 levels left

rFire    . . .     SeeInvis .   p - -1 whip (curse)
rCold    + . .     Gourm    .   (no shield)
rNeg     + + +     Faith    .   e - +1 robe
rPois    ∞         Spirit   .   (no helmet)
rElec    .         Reflect  .   q - +0 cloak
rCorr    .         Harm     .   (no gloves)
MR       +....                  (no boots)
Stlth    ++........             j - amulet of inaccuracy (curse)
Regen    0.0/turn               u - ring of protection from magic
MPRegen  0.2/turn               r - -2 ring of intelligence (curse)

@: rotting
A: rotting body, claws 1, carnivore 3, cold resistance 1, negative energy
resistance 3, inhibited regeneration, torment resistance, unbreathing
a: no special abilities


You were on level 4 of the Dungeon.
You were not hungry.

You visited 1 branch of the dungeon, and saw 4 of its levels.

You collected 212 gold pieces.

Inventory:

Hand Weapons
 a - a +1 dagger of venom
 m - a cursed -3 war axe
 n - a +2 quarterstaff of chaos
 p - a cursed -1 whip (weapon)
Missiles
 h - 34 bolts
Armour
 e - a +1 robe (worn)
 q - a +0 cloak (worn)
Jewellery
 j - a cursed amulet of inaccuracy (around neck)
 o - an uncursed ring of fire
 r - a cursed -2 ring of intelligence (right claw)
 u - a ring of protection from magic (left claw)
Wands
 f - a wand of polymorph (0/24)
 l - a wand of random effects (26/48)
Scrolls
 g - 2 scrolls of immolation
 i - 3 scrolls of teleportation
 k - a scroll of fear {unknown}
 s - a scroll of fog
Books
 b - a book of Necromancy

   Spells                             Type                      Level
   a - Pain                           Necromancy                   1
   b - Animate Skeleton               Necromancy                   1
   c - Vampiric Draining              Necromancy                   3
   d - Regeneration                   Charms/Necromancy            3
   e - Animate Dead                   Necromancy                   4
   f - Control Undead                 Necromancy                   4
Comestibles
 c - 2 meat rations
 d - 2 royal jellies


   Skills:
 - Level 4.0 Fighting
 - Level 2.0 Dodging
 - Level 2.1 Stealth
 - Level 2.0 Spellcasting
 + Level 0.8 Charms
 + Level 5.5 Necromancy


You had one spell level left.
You knew the following spells:

 Your Spells              Type           Power        Failure   Level  Hunger
a - Pain                  Necr           #...         4%          1    ##.....
b - Animate Dead          Necr           N/A          36%         4    #####..
c - Regeneration          Chrm/Necr      #.........   30%         3    ####...


Dungeon Overview and Level Annotations

Branches:
Dungeon (4/15)
 Temple: D:4-7

Altars:
Sif Muna


Innate Abilities, Weirdness & Mutations

Your body is rotting away.
You thrive on raw meat.
You are immune to poison.
You have sharp fingernails.
You are carnivorous and can eat meat at any time.
Your flesh is cold resistant. (rC+)
You are immune to negative energy. (rN+++)
You do not regenerate when monsters are visible.
You are immune to unholy pain and torment.
You can survive without breathing.


Message History

The ogre evaporates and reforms as a wyvern!
Evoking this partially-identified wand wasted a few charges.
The wyvern bites you!
Evoke which item? (* to show all) (? for menu, Esc to quit)
Aiming: Polymorph (will waste charges)
Press: ? - help, Shift-Dir - straight line, f/p - wyvern
Aim: a wyvern (chance to defeat MR: 46%) Nothing appears to happen.
The wyvern bites you! x2
* * * LOW HITPOINT WARNING * * *
Evoke which item? (* to show all) (? for menu, Esc to quit)
This wand has no charges.
Evoke which item? (* to show all) (? for menu, Esc to quit)
Aiming: Random Effects (will waste charges)
Press: ? - help, Shift-Dir - straight line, f/p - wyvern
Aim: a wyvern The bolt of poison hits the wyvern.
The wyvern is poisoned.
The wyvern is moderately wounded.
Evoking this partially-identified wand wasted a few charges.
The phantom blinks!
The wyvern bites you!
You die...

#.##.#.####.#
#...........#
###.......###
#.......#
#.......#
#.......#
#.......#
#......<#
#...@.W.#
#...###.l###
#.. ..... .
..§..#.#
.(#[... ..
.......#. .8
..##...##.. .
... #.## .#


You could see a phantom and a wyvern.

Vanquished Creatures
  Crazy Yiuf (D:3)
  Jessica (D:3)
  Terence (D:2)
  Natasha (twice) (D:2)
  An adder (D:2)
  3 worms
  2 dart slugs
  2 leopard geckos
  5 giant cockroaches
  10 goblins
  5 hobgoblins
  6 jackals
  2 quokkas
  2 ball pythons
  14 bats
  3 frilled lizards
  7 kobolds
  7 rats
74 creatures vanquished.

Notes
Turn   | Place    | Note
-------+----------+-------------------------------------------
     0 | D:1      | Rrauwl the Ghoul Necromancer began the quest for the Orb.
     0 | D:1      | Reached XP level 1. HP: 14/14 MP: 2/2
   256 | D:1      | Reached XP level 2. HP: 17/22 MP: 2/4
   419 | D:1      | Reached skill level 1 in Fighting
   890 | D:2      | Reached XP level 3. HP: 21/29 MP: 0/5
  1180 | D:2      | Noticed Natasha
  1185 | D:2      | Killed Natasha
  1185 | D:2      | Reached XP level 4. HP: 27/37 MP: 2/6
  1292 | D:2      | Noticed Terence
  1304 | D:2      | Killed Terence
  1380 | D:2      | Found a deep blue altar of Sif Muna.
  1390 | D:2      | Noticed Natasha
  1460 | D:2      | Killed Natasha
  1460 | D:2      | Reached skill level 5 in Necromancy
  1460 | D:2      | Reached XP level 5. HP: 26/45 MP: 2/7
  1930 | D:3      | Found a runed door.
  1938 | D:3      | Noticed Jessica
  1954 | D:3      | Killed Jessica
  2092 | D:3      | Learned a level 4 spell: Animate Dead
  2096 | D:3      | Learned a level 3 spell: Regeneration
  2391 | D:3      | Noticed Crazy Yiuf
  2406 | D:3      | Killed Crazy Yiuf
  2406 | D:3      | Reached XP level 6. HP: 45/52 MP: 0/8
  2501 | D:4      | Noticed a phantom
  2510 | D:4      | Noticed a wyvern
  2510 | D:4      | an ogre changed into a wyvern
  2512 | D:4      | Slain by a wyvern

Vault maps used:
D:1:      co_arrival_random_square_maze
D:2:      lemuel_blue_sif_altar, uniq_natasha, uniq_terence
D:3:      first_bread, uniq_crazy_yiuf_cottage, uniq_jessica
D:4:      serial_shops, shop_statue, kennysheep_generic_room_15

Skill      XL: |  1  2  3  4  5 |
---------------+----------------+-----
Dodging        | 2 |  2.0
Spellcasting   | 2 |  2.0
Fighting       | 2 3 4 |  4.0
Necromancy     | 5 |  5.5
Stealth        | |  2.1
Charms         | |  0.8

Action                   |  1- 3 |  4- 6 || total
-------------------------+-------+-------++-------
Melee: Unarmed           |    13 |       ||    13
       Dagger            |   111 |    78 ||   189
       Whip              |       |    64 ||    64
 Cast: Pain              |    19 |    34 ||    53
Evoke: Wand              |       |     4 ||     4
  Use: Potion            |     1 |     7 ||     8
       Scroll            |     1 |     6 ||     7
 Stab: Sleeping          |     1 |     1 ||     2
       Distracted        |       |     1 ||     1
       Invisible         |       |     1 ||     1
  Eat: Chunk             |    19 |    17 ||    36
Armor: Robe              |    22 |    38 ||    60
Dodge: Dodged            |    85 |    99 ||   184
